[Event "Team 45 45 League T31"]
[Site "Internet Chess Club"]
[Date "2006.07.14"]
[Round "4"]
[White "Tomate"]
[Black "Pawndemonium"]
[Result "0-1"]
[WhiteElo "1412"]
[BlackElo "1539"]
[TimeControl "2700+45"]

1. e4 e6 2. d4 d5 3. Nd2 c5 4. exd5 exd5 5. Bb5+ Nc6 6. Ngf3 Bd7 7. O-O Bd6 8.
Re1+ Nge7 9. Bxc6 Bxc6 10. dxc5 Bxc5 11. Nb3 Bd6 12. Nbd4 O-O 13. Bg5 Qc7 14.
Bxe7 Bxe7 15. Nf5 Bf6 16. N3d4 Rfe8 17. Qg4 Bd7 18. c3 Kf8 19. Qf3 Bxf5 20. Nxf5
Rad8 21. Rxe8+ Kxe8 22. Re1+ Kf8 23. Rd1 Qe5 24. g3 b6 25. Kf1 g6 26. Nd4 Qd6
27. Re1 Bxd4 28. cxd4 Re8 29. Rd1 Re4 30. a3 Qd7 31. Kg2 Ke7 32. Qc3 Kd6 33.
Qb4+ Ke6 34. Re1 Rxe1 35. Qxe1+ Kd6 36. Qb4+ Kc7 37. Qc3+ Qc6 38. Qf3 Qe6 39.
Qf4+ Kd7 40. Qe3 Qe4+ 41. Qxe4 dxe4 42. Kf1 Kd6 43. Ke2 Kd5 44. Ke3 f5 45. h3 a5
46. a4 h6 47. b3 g5 48. f4 Ke6 49. Ke2 Kd5 50. Ke3 gxf4+ 51. gxf4 h5 52. h4 Kc6
53. Ke2 b5 54. Ke3 bxa4 55. bxa4 Kd5 {White resigns} 0-1  aics%

[Event "Team 45 45 League T31"]
[Site "Internet Chess Club"]
[Date "2006.07.13"]
[Round "4"]
[White "Tomate"]
[Black "klt713"]
[Result "1-0"]
[WhiteElo "1423"]
[BlackElo "1254"]
[TimeControl "2700+45"]

1. e4 c5 2. Nf3 e6 3. d4 cxd4 4. Nxd4 Nc6 5. Nc3 Bb4 6. Nxc6 bxc6 7. Bd2 Bc5 8.
Bd3 Bb6 9. O-O d6 10. Re1 e5 11. Be3 Nf6 12. Bxb6 Qxb6 13. b3 Ng4 14. Qd2 O-O
15. Nd1 Be6 16. Ne3 Nxe3 17. Rxe3 Qd8 18. Rg3 Qh4 19. Rf1 Rad8 20. f4 f6 21. f5
Bf7 22. Be2 Bh5 23. Bxh5 Qxh5 24. Qe3 Rd7 25. Rff3 Kh8 26. Rh3 Qf7 27. c4 Rfd8
28. Rf1 Qe7 29. Qe2 Qf7 30. Rd3 a5 31. Qg4 Rg8 32. Rfd1 g6 33. Rxd6 Rxd6 34.
Rxd6 gxf5 35. Qxf5 Qg7 36. Qxf6 Qxf6 37. Rxf6 Rg4 38. Rxc6 Rxe4 39. Rc8+ Kg7 40.
Rc5 Kf6 41. Rxa5 Ke6 42. Ra6+ Kf5 43. c5 Rd4 44. Rd6 h5 45. Rxd4 exd4 46. Kf2
Kf4 47. c6 d3 48. c7 d2 49. Ke2 {Black resigns} 1-0  aics%

[Event "Team 45 45 League T31"]
[Site "Internet Chess Club"]
[Date "2006.07.16"]
[Round "4"]
[White "Fogbound"]
[Black "Dalcon"]
[Result "1-0"]
[WhiteElo "1280"]
[BlackElo "1358"]
[TimeControl "2700+45"]

1. d4 Nf6 2. Bg5 e6 3. Nf3 d6 4. e3 Nbd7 5. Bd3 g6 6. Nbd2 Bg7 7. O-O O-O 8. c3
h6 9. Bh4 g5 10. Nxg5 hxg5 11. Bxg5 Re8 12. f4 d5 13. e4 dxe4 14. Nxe4 Kf8 15.
h4 Ke7 16. Qb3 Rh8 17. Qb4+ Ke8 18. Rae1 Qe7 19. Qb3 Bh6 20. Bc4 Nb6 21. Nxf6+
Kf8 22. Nh7+ {Black resigns} 1-0  aics%

[Event "Team 45 45 League T31"]
[Site "Internet Chess Club"]
[Date "2006.07.17"]
[Round "4"]
[White "GLuft"]
[Black "ffplayer"]
[Result "0-1"]
[WhiteElo "1213"]
[BlackElo "1188"]
[TimeControl "2700+45"]

1. e4 d6 2. d4 Nf6 3. e5 dxe5 4. Nf3 exd4 5. Qxd4 Qxd4 6. Nxd4 e5 7. Nf3 Nc6 8.
c3 h6 9. Bc4 Bd6 10. O-O e4 11. Re1 Bf5 12. Nbd2 O-O 13. Nh4 Bg6 14. Nf1 Bh7 15.
Be3 g5 16. Rad1 Rfe8 17. Ng3 Ne5 18. Bb5 Rf8 19. Bd4 a6 20. Ba4 gxh4 21. Ne2 Nd3
22. Bxf6 Nxe1 23. Rxe1 b5 24. Bc2 e3 25. Bxh7+ Kxh7 26. Bxh4 exf2+ 27. Bxf2 f5
28. Nd4 f4 29. Kf1 Rae8 30. Nf3 Rxe1+ 31. Nxe1 c5 32. Ke2 c4 33. Nf3 Rc8 34. Bd4
Bc5 35. Be5 Be3 36. g3 Bc1 37. Bxf4 Bxb2 38. Bd2 Re8+ 39. Kd1 Rf8 40. Ke2 Ba3
41. Nd4 Re8+ 42. Kd1 Bc5 43. Nc2 Rd8 44. Kc1 Rf8 45. Nb4 Bxb4 46. cxb4 Rf2 47.
h4 Rg2 48. Bf4 Rxa2 49. Be5 Rg2 50. Bf4 h5 51. Be5 Kg6 52. Kd1 Kf5 53. Bd6 Rb2
54. Kc1 Rb3 55. Kc2 Kg4 56. Be7 Rxg3 57. Bd6 Rh3 58. Be7 Rxh4 59. Bxh4 Kxh4 60.
Kd2 Kg3 61. Ke2 Kg2 62. Ke3 h4 63. Kd4 h3 64. Kc5 h2 65. Kb6 h1=Q 66. Kxa6 c3
67. Kxb5 c2 68. Ka6 Qa1+ 69. Kb5 c1=Q 70. Kb6 Qab1 71. b5 Qxb5+ 72. Kxb5 Qc3 73.
Kb6 Qc4 74. Kb7 Qc5 75. Ka6 Qb4 76. Ka7 Qb5 77. Ka8 Kf3 78. Ka7 Ke4 79. Ka8 Kd5
80. Ka7 Kc6 81. Ka8 Qb7# {White checkmated} 0-1  aics%

[Event "Team 45 45 League T31"]
[Site "Internet Chess Club"]
[Date "2006.07.16"]
[Round "4"]
[White "jocooper"]
[Black "katabatico"]
[Result "0-1"]
[WhiteElo "1099"]
[BlackElo "1232"]
[TimeControl "2700+45"]

1. Nf3 Nf6 2. g3 d5 3. Bg2 c6 4. O-O Bg4 5. b3 Nbd7 6. d4 e6 7. c4 b6 8. Nc3 Bb4
9. Bb2 O-O 10. h3 Bf5 11. Ne5 Nxe5 12. dxe5 Nd7 13. e3 Nxe5 14. Ne2 Bd6 15. Nf4
Bc7 16. cxd5 cxd5 17. Rc1 Rc8 18. Ba3 Re8 19. Nh5 Nd3 20. Rc3 Bb8 21. Rxd3 Bxd3
22. Qxd3 Qg5 23. Nf4 e5 24. Nxd5 Rcd8 25. Ne7+ Qxe7 26. Bxe7 Rxd3 27. Bb4 Bd6
28. Be4 Bxb4 29. Bxd3 Ba3 30. e4 Rd8 31. Bc4 Rd2 32. f4 exf4 33. gxf4 Bc5+ 34.
Kh1 Rxa2 35. Rd1 Be7 36. b4 Ra4 37. Rd7 Ra1+ 38. Kg2 Kf8 39. f5 Ke8 40. Bb5 Kf8
41. Kf2 Rb1 42. Kf3 Rxb4 43. Bc6 Rb3+ 44. Kg4 h5+ 45. Kxh5 Rxh3+ 46. Kg4 Rh4+
47. Kf3 Rh6 48. Rc7 Rd6 49. Kf4 g5+ 50. fxg6 fxg6 51. e5 Rd4+ 52. Ke3 Bc5 53. e6
Rd7+ 54. Ke4 Rxc7 55. Kd5 Be7 56. Bd7 g5 57. Ke4 a5 58. Kf5 Kg7 59. Be8 Rc5+ 60.
Kg4 b5 61. Bxb5 Rxb5 62. Kg3 Rb4 63. Kg2 a4 64. Kf1 Rb3 65. Ke1 a3 66. Kd1 a2
67. Kc2 Rb8 {White resigns} 0-1  aics%

[Event "Team 45 45 League T31"]
[Site "Internet Chess Club"]
[Date "2006.07.16"]
[Round "4"]
[White "cazj"]
[Black "houseofcook"]
[Result "1-0"]
[WhiteElo "1364"]
[BlackElo "1368"]
[TimeControl "2700+45"]

1. e4 e6 2. d4 d5 3. f3 Nf6 4. Nc3 c5 5. Bg5 Be7 6. Qd2 Nc6 7. Bb5 Nd7 8. Bxe7
Qxe7 9. Nge2 Nf6 10. O-O-O a6 11. Bxc6+ bxc6 12. Qg5 h6 13. Qxg7 Rg8 14. Qxh6
Nd7 15. Qh7 Qg5+ 16. f4 Qg7 17. Qxg7 Rxg7 18. g3 c4 19. e5 a5 20. Na4 Ba6 21. h4
Bb5 22. Nec3 Rxg3 23. Nxb5 cxb5 24. Nc5 Nxc5 25. dxc5 b4 26. h5 a4 27. h6 Rg8
28. h7 Rh8 29. Rhg1 Kd7 30. Rh1 Kc6 31. Rdg1 Kxc5 32. Rg7 b3 33. a3 d4 34. Rhg1
c3 35. Rg8 cxb2+ 36. Kxb2 Kd5 37. Rxa8 Rxh7 38. Rxa4 Rh2 39. Kxb3 Rh3+ 40. Kb2
Ke4 41. Re1+ Kd5 42. Rb4 Rc3 43. Rd1 Rc4 44. Rxc4 Kxc4 45. a4 {Black resigns}
1-0  aics%

[Event "Team 45 45 League T31"]
[Site "Internet Chess Club"]
[Date "2006.07.13"]
[Round "4"]
[White "BlindChess"]
[Black "markev"]
[Result "0-1"]
[WhiteElo "1333"]
[BlackElo "1335"]
[TimeControl "2700+45"]

1. d4 d5 2. c4 e6 3. Nc3 c5 4. e3 Nc6 5. Nf3 Bd6 6. cxd5 exd5 7. Nxd5 Nge7 8.
Bc4 O-O 9. O-O Nxd5 10. Bxd5 Ne7 11. Be4 Nf5 12. Qc2 g6 13. dxc5 Bc7 14. Rd1 Qe7
15. b4 Nh4 16. g3 Nxf3+ 17. Bxf3 Qf6 18. Kg2 Qxa1 19. Bb2 Qxa2 20. Qc3 f6 21.
Bd5+ Be6 22. Bxa2 Bxa2 23. Rd7 Rac8 24. Qa3 Be6 25. Re7 Bd5+ 26. f3 Be5 27. Bxe5
fxe5 28. Rxe5 Bxf3+ 29. Kg1 a6 30. Qb3+ Kg7 31. Re7+ Kh6 32. e4 Rcd8 33. Qe3+ g5
34. h4 Rd1+ 35. Kh2 Rh1# {White checkmated} 0-1  aics%

[Event "Team 45 45 League T31"]
[Site "Internet Chess Club"]
[Date "2006.07.15"]
[Round "4"]
[White "Midwest-Rook"]
[Black "EyeAm"]
[Result "1-0"]
[WhiteElo "1304"]
[BlackElo "1322"]
[TimeControl "2700+45"]

1. e4 e5 2. Bc4 Nf6 3. Nf3 Nxe4 4. Nxe5 d5 5. Qf3 Be6 6. Bb3 Bd6 7. d4 Qf6 8.
Qxf6 gxf6 9. Nf3 Nd7 10. Nbd2 Nxd2 11. Bxd2 Rg8 12. Rg1 O-O-O 13. h3 Rde8 14.
O-O-O c5 15. c3 c4 16. Bc2 Nb6 17. Bxh7 Rh8 18. Bc2 Kc7 19. Rh1 Bd7 20. Rde1
Rxe1+ 21. Bxe1 Bf4+ 22. Bd2 Bxd2+ 23. Kxd2 Re8 24. Re1 Rxe1 25. Kxe1 Kd6 26. g4
Na4 27. b3 cxb3 28. axb3 Nxc3 29. Kd2 Ne4+ 30. Ke3 f5 31. gxf5 Bxf5 32. h4 Ke6
33. Bxe4 dxe4 34. Ng5+ Kf6 35. Nxe4+ Ke6 36. Nc5+ Kd5 37. Nxb7 f6 38. Nc5 Bg6
39. f4 f5 40. Nd7 Ke6 41. Nf8+ {Black forfeits on time} 1-0  aics%

[Event "Team 45 45 League T31"]
[Site "Internet Chess Club"]
[Date "2006.07.18"]
[Round "4"]
[White "martineden"]
[Black "fmvgvg"]
[Result "1/2-1/2"]
[WhiteElo "1988"]
[BlackElo "2004"]
[TimeControl "2700+45"]

1. d4 d5 2. c4 c6 3. Nf3 Nf6 4. Qb3 dxc4 5. Qxc4 Bf5 6. Nc3 e6 7. g3 Nbd7 8. Bg2
Be7 9. O-O O-O 10. e3 Ne4 11. Nd2 Nxd2 12. Bxd2 e5 13. e4 Nb6 14. Qe2 Be6 15. d5
cxd5 16. exd5 Nxd5 17. Rfd1 Nf6 18. Qxe5 Qb6 19. Qb5 Qxb5 20. Nxb5 Rfd8 21. Nc7
Rac8 22. Nxe6 fxe6 23. Bxb7 Rb8 24. Bf3 Rxb2 25. Bc1 Rc2 26. Rxd8+ Bxd8 27. Bd1
Rc6 28. Bb3 Ne4 29. Be3 Bb6 30. Re1 Bxe3 31. Rxe3 Nc5 32. Rc3 Kf7 33. f4 Kf6
{Game drawn by mutual agreement} 1/2-1/2  aics%

[Event "Team 45 45 League T31"]
[Site "Internet Chess Club"]
[Date "2006.07.15"]
[Round "4"]
[White "Ulrika"]
[Black "egd01"]
[Result "1-0"]
[WhiteElo "1611"]
[BlackElo "1689"]
[TimeControl "2700+45"]

1. c4 c5 2. Nc3 Nc6 3. g3 g6 4. Bg2 Bg7 5. Nf3 b6 6. O-O e6 7. d3 Bb7 8. Rb1
Nge7 9. a3 Nd4 10. Nxd4 Bxg2 11. Kxg2 Bxd4 12. Nb5 Be5 13. d4 cxd4 14. Nxd4 Qc7
15. f4 Qb7+ 16. Kg1 Qe4 17. Nf3 Qxb1 18. Nxe5 Rd8 19. Qa4 Qf5 20. Rd1 Nc6 21.
Nxc6 dxc6 22. Qxc6+ Ke7 23. Qc7+ Kf6 24. Rxd8 Rxd8 25. Qxd8+ Kg7 26. Qd3 Qa5 27.
Bd2 Qc5+ 28. Be3 Qh5 29. Qd4+ Kg8 30. Qd8+ Kg7 31. Bd4+ e5 32. Bxe5+ {Black
resigns} 1-0  aics%

[Event "Team 45 45 League T31"]
[Site "Internet Chess Club"]
[Date "2006.07.17"]
[Round "4"]
[White "arriero55"]
[Black "Sean"]
[Result "1-0"]
[WhiteElo "1578"]
[BlackElo "1507"]
[TimeControl "2700+45"]

1. e4 d6 2. d4 Nf6 3. Nc3 g6 4. Be3 Bg7 5. Qd2 h6 6. f3 Nbd7 7. O-O-O a5 8. b3
c6 9. Na4 b5 10. Nb2 Nb6 11. c4 bxc4 12. Nxc4 Nfd7 13. e5 Nd5 14. exd6 e6 15.
Ne2 Nxe3 16. Qxe3 Nb6 17. Nxb6 Qxb6 18. Nc3 O-O 19. g4 Kh7 20. h4 Rd8 21. g5 h5
22. Qf4 Kg8 23. Na4 Qb4 24. Qd2 Qxd6 25. f4 Qc7 26. Qf2 Rd6 27. Rh3 Bb7 28. Nc5
Rad8 29. Rhd3 Qb6 30. Qc2 Rxd4 31. Rxd4 Rxd4 32. Rxd4 Bxd4 33. Na4 Qb4 34. Qc4
Qxc4+ 35. bxc4 Be3+ 36. Kd1 Bxf4 37. Nc5 Ba8 38. Nb3 Bc7 39. a4 Kf8 40. Ke2 Ke7
41. Bg2 Kd6 42. Kd3 e5 43. Be4 Bb7 44. Kc3 Bc8 45. Kd3 Bf5 46. Bxf5 gxf5 47. Nd2
Kc5 48. Kc3 e4 49. Nb3+ Kd6 50. Kd4 Bb6+ 51. c5+ Bxc5+ 52. Nxc5 Kc7 53. Ke3 Kb6
54. Kd4 e3 55. Nd3 e2 56. Ke3 c5 57. Kxe2 c4 58. Ne5 c3 59. Kd3 c2 60. Kxc2 Kc5
61. Nxf7 f4 62. Kd1 Kb4 63. g6 f3 64. Ke1 Kxa4 65. g7 Kb3 66. Ne5 a4 67. g8=Q+
Kb2 68. Nd3+ Kc3 69. Nc1 Kb2 70. Kd1 f2 71. Qh8+ Kb1 72. Qh7+ Ka1 73. Qg7+ Kb1
74. Qg6+ Ka1 75. Qf6+ Kb1 76. Qxf2 a3 77. Qa2# {Black checkmated} 1-0  aics%

[Event "Team 45 45 League T31"]
[Site "Internet Chess Club"]
[Date "2006.07.15"]
[Round "4"]
[White "Boromir"]
[Black "Zornorph"]
[Result "1-0"]
[WhiteElo "1901"]
[BlackElo "1914"]
[TimeControl "2700+45"]

1. e4 d6 2. f4 f5 3. d3 Nc6 4. b3 Nf6 5. Nd2 e5 6. fxe5 Nxe5 7. exf5 Bxf5 8. Be2
Nd5 9. Nc4 Nxc4 10. bxc4 Qf6 11. d4 Nc3 12. Qd2 Ne4 13. Qe3 O-O-O 14. Nf3 d5 15.
O-O Re8 16. Ne5 Bd6 17. Rxf5 Qe6 18. cxd5 Qxd5 19. c4 Qa5 20. Qxe4 Qe1+ 21. Rf1
Qc3 22. Rb1 Bxe5 23. dxe5 {Black resigns} 1-0  aics%

[Event "Team 45 45 League T31"]
[Site "Internet Chess Club"]
[Date "2006.07.16"]
[Round "4"]
[White "Two-DogMan"]
[Black "mickeys"]
[Result "1-0"]
[WhiteElo "1444"]
[BlackElo "1706"]
[TimeControl "2700+45"]

1. e4 e6 2. d4 d5 3. Nc3 Bb4 4. exd5 Bxc3+ 5. bxc3 exd5 6. Nf3 Nf6 7. Ba3 Bg4 8.
Be2 Nc6 9. O-O Ne4 10. Qd3 Ne7 11. Ne5 Bxe2 12. Qxe2 O-O 13. Qe3 f6 14. Bxe7
Qxe7 15. Nf3 Qa3 16. Qf4 Qxc3 17. Nh4 g5 18. Qf5 gxh4 19. Qe6+ Kg7 20. Qxd5 Qc6
21. Qh5 Rg8 22. Qxh4 Kh8 23. c4 Nd2 24. d5 Qd6 25. Kh1 Nxf1 26. Rxf1 Rg6 27. Re1
Rag8 28. g3 Qb4 29. Re6 Qb2 30. Kg2 Qb4 31. Rxf6 Qe7 32. Rxg6 Qxh4 33. Rxg8+
Kxg8 34. gxh4 Kf7 35. Kf3 Ke7 36. Kf4 Kd6 37. Kg5 Kc5 38. Kh6 Kxc4 39. Kxh7 Kxd5
40. Kg7 c5 41. h5 c4 42. h6 c3 43. h7 c2 44. h8=Q c1=Q 45. Qd8+ Ke4 46. h4 Qb2+
47. Qf6 Qxa2 48. h5 Qd5 49. Qg6+ Kf3 50. h6 Qd7+ 51. Qf7+ {Black resigns} 1-0 
aics%

[Event "Team 45 45 League T31"]
[Site "Internet Chess Club"]
[Date "2006.07.21"]
[Round "4"]
[White "curtintime"]
[Black "frenchmen"]
[Result "0-1"]
[WhiteElo "1344"]
[BlackElo "1460"]
[TimeControl "2700+45"]

1. e4 e6 2. d4 d5 3. e5 c5 4. c3 Nc6 5. Be3 Qb6 6. b3 Bd7 7. Nf3 a6 8. Be2 Nh6
9. h3 Nf5 10. O-O cxd4 11. Nxd4 Nxe3 12. fxe3 Nxe5 13. Qe1 Bd6 14. Nd2 O-O 15.
N2f3 Ng6 16. Nd2 e5 17. Nc2 Rac8 18. c4 d4 19. exd4 exd4 20. Qf2 Bc5 21. Ne4 d3
22. Qxc5 Rxc5 {White resigns} 0-1  aics%

[Event "Team 45 45 League T31"]
[Site "Internet Chess Club"]
[Date "2006.07.17"]
[Round "4"]
[White "shorkiii"]
[Black "JustinZ"]
[Result "0-1"]
[WhiteElo "1260"]
[BlackElo "1295"]
[TimeControl "2700+45"]

1. e4 e5 2. Bc4 Nf6 3. d4 exd4 4. Nf3 Nxe4 5. Qxd4 Nf6 6. O-O Nc6 7. Qe3+ Be7 8.
Nc3 O-O 9. Ne4 Re8 10. Nfg5 d5 11. Nxf6+ Bxf6 12. Qd3 Bxg5 13. Bxg5 Qxg5 14.
Bxd5 Bf5 15. Qb5 Be6 16. Bxc6 bxc6 17. Qxc6 Bd5 18. Qxe8+ Rxe8 19. f3 Re2 20. g3
Qh5 21. h4 Bxf3 22. Rad1 g6 23. Rde1 Qg4 24. Rxf3 Qxf3 25. Rxe2 Qxe2 {White
resigns} 0-1  aics%

[Event "Team 45 45 League T31"]
[Site "Internet Chess Club"]
[Date "2006.07.14"]
[Round "4"]
[White "BosqueVerde"]
[Black "furrbrain"]
[Result "1-0"]
[WhiteElo "1246"]
[BlackElo "1161"]
[TimeControl "2700+45"]

1. d4 Nf6 2. c4 e6 3. Nc3 Bb4 4. Qc2 O-O 5. Nf3 h6 6. e4 d6 7. Bd3 b6 8. O-O d5
9. e5 Bxc3 10. bxc3 dxc4 11. Bxc4 Ba6 12. Bxa6 Nxa6 13. exf6 Qxf6 14. Ne5 c5 15.
Nd7 Qd8 16. Nxf8 Qxf8 17. dxc5 Qxc5 18. Be3 Nb4 19. Bxc5 Nxc2 20. Rac1 bxc5 21.
Rxc2 Re8 22. Rb1 f5 23. Rb7 Ra8 24. Rcb2 a5 25. Rb8+ Rxb8 26. Rxb8+ Kf7 27. f4
g5 28. g3 Kf6 29. Rb5 e5 30. fxe5+ Kxe5 31. Rxc5+ Ke4 32. Kf2 f4 33. gxf4 gxf4
34. Rc4+ Kf5 35. Kf3 h5 36. Rc5+ Kg6 37. Rxa5 h4 38. Kxf4 {Black resigns} 1-0 
aics%

[Event "Team 45 45 League T31"]
[Site "Internet Chess Club"]
[Date "2006.07.17"]
[Round "4"]
[White "Just-Jim"]
[Black "AlPearson"]
[Result "1-0"]
[WhiteElo "1404"]
[BlackElo "1384"]
[TimeControl "2700+45"]

1. e4 e6 2. c4 d5 3. cxd5 exd5 4. exd5 Qxd5 5. Nc3 Qe5+ 6. Be2 Bg4 7. h3 Bh5 8.
d4 Qe7 9. Be3 Bxe2 10. Ngxe2 Nf6 11. O-O Qd7 12. Qd3 Bd6 13. Bg5 Be7 14. Bf4 O-O
15. Nb5 c6 16. Nc7 Rd8 17. Nxa8 Na6 18. Qg3 Rxa8 19. Rfe1 Rd8 20. Bh6 g6 21. Bg5
Ne4 22. Qh4 Nxg5 23. Qf4 Ne6 24. Qe3 Nxd4 25. Nxd4 Bc5 26. Rad1 Bxd4 27. Rxd4
Qxd4 28. Qxd4 Rxd4 29. Re7 Nc5 30. Re8+ Kg7 31. Ra8 a6 32. a3 h5 33. Rb8 a5 34.
Ra8 Rd1+ 35. Kh2 Rb1 36. Rxa5 Rxb2 37. Rxc5 Rxf2 38. Rc4 Rf5 39. Kg3 Kf6 40. Rb4
Rb5 41. Rf4+ Ke5 42. Rxf7 Ke6 43. Rf3 Rf5 44. Rb3 b5 45. Rc3 Kd6 46. Kh4 Rf2 47.
g4 hxg4 48. hxg4 c5 49. Kg5 Rb2 50. Kxg6 b4 51. axb4 Rxb4 52. g5 Rf4 53. Kh6
Rh4+ 54. Kg6 Rf4 55. Rd3+ Rd4 56. Rf3 Kd5 57. Kf6 c4 58. g6 Ke4 59. Rf1 Rd5 60.
g7 Rd8 61. Kf7 Kd3 62. Rd1+ {Black resigns} 1-0  aics%

[Event "Team 45 45 League T31"]
[Site "Internet Chess Club"]
[Date "2006.07.15"]
[Round "4"]
[White "t-hobbes"]
[Black "SeanT"]
[Result "0-1"]
[WhiteElo "1296"]
[BlackElo "1398"]
[TimeControl "2700+45"]

1. e4 d5 2. Nc3 d4 3. Nd5 e5 4. c3 c6 5. Nb4 Bxb4 6. cxb4 Nf6 7. Bd3 Qe7 8. b5
c5 9. Qa4 b6 10. Nf3 Bd7 11. O-O Bg4 12. Nh4 O-O 13. h3 Bd7 14. Re1 Re8 15. Bc4
Nh5 16. Bd5 Qxh4 17. Bxa8 Nf4 18. Qb3 d3 19. Kf1 Bxh3 20. Re3 Bxg2+ 21. Ke1 Qh1#
{White checkmated} 0-1  aics%

[Event "Team 45 45 League T31"]
[Site "Internet Chess Club"]
[Date "2006.07.12"]
[Round "4"]
[White "slakkjaw"]
[Black "jeffk"]
[Result "1-0"]
[WhiteElo "1206"]
[BlackElo "1137"]
[TimeControl "2700+45"]

1. d4 e6 2. c4 d5 3. Nc3 Nf6 4. Nf3 Bd6 5. g3 c5 6. Bg2 Nc6 7. Be3 Qb6 8. Na4
Qb4+ 9. Nd2 cxd4 10. a3 Qa5 11. b4 Qc7 12. Bg5 Ng4 13. cxd5 Nce5 14. O-O Rb8 15.
Rc1 Qd7 16. Ne4 b5 17. Nac5 Bxc5 18. Nxc5 Qd6 19. Qxd4 O-O 20. h3 f6 21. Bf4 Nh6
22. Nd3 Qxd5 23. Qxd5 exd5 24. Bxd5+ Nhf7 25. Bxe5 fxe5 26. Nxe5 Bxh3 27. Rfd1
Rfe8 28. Bxf7+ {Black resigns} 1-0

[Event "Team 45 45 League T31"]
[Site "Internet Chess Club"]
[Date "2006.07.16"]
[Round "4"]
[White "Orforded"]
[Black "wellfred"]
[Result "0-1"]
[WhiteElo "1103"]
[BlackElo "1134"]
[TimeControl "2700+45"]

1. e4 e5 2. Nf3 Nc6 3. d4 exd4 4. Nxd4 Nxd4 5. Qxd4 d6 6. e5 Be6 7. Bb5+ Bd7 8.
Nc3 a6 9. Bc4 dxe5 10. Qxe5+ Qe7 11. Qxe7+ Bxe7 12. O-O Nf6 13. Re1 Be6 14. Bxe6
fxe6 15. Rxe6 Kf7 16. Re2 Rhe8 17. Bf4 c6 18. Rae1 Rad8 19. Ne4 Nd5 20. Bg3 h6
21. a3 b6 22. c4 Nf6 23. f3 Bc5+ 24. Nxc5 Rxe2 25. Rxe2 bxc5 26. Re5 Rd1+ 27.
Re1 Rd2 28. Be5 Nd7 29. Bc3 Rd3 30. Re4 Rd6 31. b4 Rd3 32. Be1 Rxa3 33. bxc5
Nxc5 34. Rf4+ Kg6 35. Bb4 Ra1+ 36. Kf2 Nd3+ 37. Kg3 Nxb4 38. Rg4+ Kh7 39. f4
Ra3+ 40. Kh4 Nd3 41. Rg3 Kg8 42. f5 Kf7 43. Kh5 Nf4+ 44. Kg4 Rxg3+ 45. Kxg3 Nd3
46. Kf3 Kf6 47. Ke4 Ne5 48. h3 Nxc4 49. g4 Nd6+ 50. Kd4 a5 51. Kc5 a4 52. Kb4 a3
53. Kxa3 Ne4 54. Kb3 Kg5 55. Kc4 c5 56. Kd3 Kf4 57. h4 Nf2+ 58. Kc4 Nxg4 59.
Kxc5 Kxf5 60. Kd5 g6 61. Kd4 g5 62. hxg5 hxg5 63. Kd3 Kf4 64. Ke2 Ne5 65. Kf2 g4
66. Kg2 Nd3 67. Kh2 g3+ 68. Kg2 Ne1+ 69. Kg1 Kf3 70. Kh1 Ng2 71. Kg1 Nh4 72. Kh1
Kg4 73. Kg1 Kh3 74. Kh1 g2+ 75. Kg1 Nf3+ 76. Kf2 Kh2 77. Kxf3 g1=Q 78. Ke4 Kg3
79. Kd5 Kf4 80. Kc4 Ke4 81. Kc3 Qd4+ 82. Kb3 Kd5 83. Kc2 Kc4 84. Kb1 Kb3 85. Kc1
Qf2 86. Kd1 Qa2 87. Ke1 Kc3 88. Kd1 Qb2 89. Ke1 Kd3 90. Kf1 Ke3 91. Kg1 Kf3 92.
Kh1 Kg3 93. Kg1 Qb1# {White checkmated} 0-1

[Event "Team 45 45 League T31"]
[Site "Internet Chess Club"]
[Date "2006.07.16"]
[Round "4"]
[White "qs16"]
[Black "fredd"]
[Result "1-0"]
[WhiteElo "1776"]
[BlackElo "1627"]
[TimeControl "2700+45"]

1. e4 e5 2. Nf3 Nc6 3. Bb5 a6 4. Ba4 d6 5. h3 Nf6 6. d3 Bd7 7. Bg5 Be7 8. O-O
Na5 9. c3 b5 10. Bc2 O-O 11. Nbd2 Qc8 12. Kh2 c5 13. Re1 h6 14. Bh4 Qd8 15. Nf1
Nh7 16. Bxe7 Qxe7 17. Ne3 Be6 18. b3 Nc6 19. d4 cxd4 20. cxd4 Nxd4 21. Nxd4 exd4
22. Qxd4 Ng5 23. Qd3 Bxh3 24. gxh3 Nf3+ 25. Kg2 Nxe1+ 26. Rxe1 Qg5+ 27. Kf1 Rfd8
28. Nd5 Ra7 29. Re3 Rc8 30. e5 Rxc2 31. Qxc2 dxe5 32. Qc8+ Kh7 33. Rg3 Qd2 34.
Nf6+ {Black resigns} 1-0  aics%

[Event "Team 45 45 League T31"]
[Site "Internet Chess Club"]
[Date "2006.07.15"]
[Round "4"]
[White "jazzpiano"]
[Black "hansolo1000"]
[Result "0-1"]
[WhiteElo "1688"]
[BlackElo "1721"]
[TimeControl "2700+45"]

1. e4 c5 2. d4 cxd4 3. c3 dxc3 4. Nxc3 g6 5. Nf3 Bg7 6. Bc4 Nc6 7. O-O Nf6 8.
Qe2 d6 9. h3 O-O 10. Rd1 Bd7 11. e5 Nxe5 12. Nxe5 dxe5 13. Qxe5 Rc8 14. Bb5 Qa5
15. Rxd7 Nxd7 16. Qd5 Nb6 17. Qxb7 Bxc3 18. bxc3 Qxb5 19. Bh6 Rfe8 20. Rd1 Rxc3
21. Rd8 Rxd8 22. Qxe7 Re8 23. Qf6 Re1+ 24. Kh2 Qe5+ {White resigns} 0-1  aics%

[Event "Team 45 45 League T31"]
[Site "Internet Chess Club"]
[Date "2006.07.23"]
[Round "4"]
[White "GadsHill"]
[Black "TheBrewer"]
[Result "1/2-1/2"]
[WhiteElo "1531"]
[BlackElo "1637"]
[TimeControl "2700+45"]

1. d4 d5 2. c4 dxc4 3. Nf3 Nf6 4. e3 e6 5. Bxc4 a6 6. Qe2 b5 7. Bd3 Bb7 8. Nbd2
c5 9. dxc5 Bxc5 10. O-O O-O 11. e4 Nc6 12. Nb3 Be7 13. Rd1 Qc7 14. Bg5 Ng4 15.
Bxe7 Qxe7 16. Rac1 Nge5 17. Nxe5 Nxe5 18. Nc5 Nxd3 19. Rxd3 Rac8 20. b4 Rfd8 21.
Rcd1 Rxd3 22. Qxd3 h6 23. f3 Rc7 24. Qd8+ Kh7 25. Qxe7 Rxe7 26. Rd7 Rxd7 27.
Nxd7 Bc8 28. Nc5 Kg8 29. Kf2 Kf8 30. e5 Ke7 31. g3 Kd8 32. Ke3 Kc7 33. Kd4 Kb6
34. f4 Kc7 35. Ne4 Kc6 36. Nd6 Bd7 37. Nxf7 Be8 38. Nd6 Bg6 39. a3 h5 40. h4 Kb6
41. Nc8+ Kc7 42. Nd6 Kc6 43. Nc8 {Game drawn by mutual agreement} 1/2-1/2  aics%

[Event "Team 45 45 League T31"]
[Site "Internet Chess Club"]
[Date "2006.07.12"]
[Round "4"]
[White "BMAttack"]
[Black "Aziraphale"]
[Result "1-0"]
[WhiteElo "1510"]
[BlackElo "1419"]
[TimeControl "2700+45"]

1. c4 c5 2. g3 Nc6 3. Bg2 b6 4. Nf3 Bb7 5. Nc3 e6 6. O-O Nf6 7. d3 Nd4 8. Nxd4
Bxg2 9. Nxe6 dxe6 10. Kxg2 Bd6 11. Bg5 O-O 12. Ne4 Be7 13. Nxf6+ Bxf6 14. Bxf6
Qxf6 15. Qc2 Rfd8 16. Rad1 Rd6 17. b3 Rad8 18. a3 Qf5 19. b4 h6 20. b5 Qe5 21.
Qd2 Qe4+ 22. f3 Qd4 23. a4 Qxc4 24. Ra1 Qb4 25. Qc2 Qd4 26. Rfd1 R8d7 27. Ra3
Qb4 28. Rc3 Rd4 29. Rb1 Qxa4 30. Qb2 Rb4 31. Rb3 Qxb5 32. Rxb4 cxb4 33. Qxb4
Qxb4 34. Rxb4 Rb7 35. Kf2 Kf8 36. Ke3 Ke7 37. Ke4 Kd6 38. Kd4 e5+ 39. Ke4 Ke6
40. g4 g6 41. h4 f5+ 42. gxf5+ gxf5+ 43. Ke3 a6 44. d4 Kd5 45. dxe5 Kxe5 46. f4+
Kd5 47. Kd3 Kc5 48. Rb1 Kd5 49. e3 a5 50. Rb5+ Kc6 51. Rxf5 Rd7+ 52. Kc3 b5 53.
Rf6+ Rd6 54. Rf8 b4+ 55. Kc2 Kb5 56. Rb8+ Ka4 57. Ra8 Rc6+ 58. Kd3 Rc3+ 59. Kd2
Rc5 60. e4 b3 61. Rb8 Ka3 62. e5 a4 63. e6 b2 64. e7 Rd5+ 65. Kc2 Rc5+ 66. Kd3
b1=Q+ 67. Rxb1 Rc8 68. Re1 Re8 69. Kd4 Kb3 70. Kd5 a3 71. Kd6 a2 72. Kd7 Rxe7+
73. Kxe7 Kb2 74. f5 a1=Q 75. Rxa1 Kxa1 76. f6 Kb2 77. f7 Kc3 78. f8=Q Kd4 79.
Qxh6 Ke5 {Black resigns} 1-0  aics%

[Event "Team 45 45 League T31"]
[Site "Internet Chess Club"]
[Date "2006.07.16"]
[Round "4"]
[White "MPknight"]
[Black "Knight77"]
[Result "0-1"]
[WhiteElo "1637"]
[BlackElo "1788"]
[TimeControl "2700+45"]

1. d4 d5 2. Nf3 c5 3. c4 e6 4. cxd5 exd5 5. Nc3 Nf6 6. g3 Nc6 7. Bg2 Bd6 8. dxc5
Bxc5 9. Bg5 d4 10. Bxf6 Qxf6 11. Ne4 Bb4+ 12. Nfd2 Qe7 13. a3 Ba5 14. b4 Bb6 15.
Nc4 Bc7 16. O-O Be6 17. Rc1 Rd8 18. Nc5 Bc8 19. Re1 O-O 20. Qc2 Rfe8 21. Rcd1 a5
22. Nd3 axb4 23. Bxc6 bxc6 24. Nxb4 Bb7 25. e3 c5 26. Na2 d3 27. Rxd3 Qe4 28.
Kf1 Qxd3+ 29. Qxd3 Rxd3 30. Ke2 Red8 31. Nc1 Rc3 32. Nd2 Rc2 33. Rd1 Ba5 34. Nb3
Bc3 35. Nxc5 Rcxd2+ 36. Rxd2 Rxd2+ 37. Ke1 Bf3 {White resigns} 0-1  aics%

[Event "Team 45 45 League T31"]
[Site "Internet Chess Club"]
[Date "2006.07.15"]
[Round "4"]
[White "tammany"]
[Black "charles-allen"]
[Result "0-1"]
[WhiteElo "1568"]
[BlackElo "1620"]
[TimeControl "2700+45"]

1. e4 d5 2. exd5 Nf6 3. Bb5+ Bd7 4. Bxd7+ Qxd7 5. c4 c6 6. dxc6 Nxc6 7. Ne2 e5
8. Nbc3 Bc5 9. O-O O-O 10. a3 Rfd8 11. b4 Bf8 12. f4 e4 13. Qc2 Nd4 14. Nxd4
Qxd4+ 15. Kh1 Qxc4 16. Bb2 Rd3 17. Rac1 Rad8 18. Nb1 Qe6 19. Qc7 R3d7 20. f5 Qd6
21. Qxd6 Rxd6 22. Rc7 R8d7 23. Rxd7 Nxd7 24. Re1 Rc6 25. Nc3 Ne5 26. Re2 Nd3 27.
Ba1 Rc4 28. g4 Be7 29. Rxe4 Nf2+ {White resigns} 0-1  aics%